AoeStats
← El_Chin_Chin

QS Arena

503309023Analyzed
1v1 RM · 1mo ago on Aug 31, 2026· 45m 32s· 2 players
Game mode
Random Map
Map size
Tiny (2 player)
Population
200
Speed
Normal
Resources
Standard
Victory
Conquest
Starting age
Dark Age
Ending age
Imperial Age
RankedLock teamsTeams togetherTeam positionsShared explorationLock speedFull tech treeHidden civsTurbo modeCheats
Victory
Defeat
🇧🇷 Byzantines · Brazil
590
+15
🇵🇪 Bohemians · Peru
570
-15
El_Chin_Chin
0:36 Loom
7:45 Feudal Age
9:11 Wheelbarrow
10:31 Double-Bit Axe
11:00 Horse Collar
17:49 Castle Age
19:10 Hand Cart
19:26 Bow Saw
19:18 Heavy Plow
20:04 Town Watch
21:20 Treadmill Crane
21:14 Pikeman
22:10 Elite Skirmisher
22:42 Light Cavalry
24:45 Fortified Wall
26:15 Arson
26:23 Arson
26:53 Fletching
28:21 Town Patrol
32:05 Imperial Age
29:57 Murder Holes
30:24 Ballistics
30:17 Masonry
30:14 Squires
30:27 Husbandry
32:45 Halberdier
34:52 Fletching
35:09 Scale Barding Armor
35:14 Forging
35:05 Scale Mail Armor
35:39 Conscription
36:07 Bodkin Arrow
36:21 Wagenburg Tactics
38:56 Iron Casting
38:37 Chain Mail Armor
38:43 Chain Barding Armor
40:13 Bracer
41:58 Plate Mail Armor
45:46 Coinage
45:36 Guilds
dododoy
7:22 Feudal Age
8:45 Double-Bit Axe
15:32 Castle Age
13:45 Horse Collar
14:02 Gold Mining
15:14 Stone Mining
15:48 Forging
15:52 Scale Barding Armor
19:14 Fervor
20:53 Pikeman
25:20 Ballistics
25:44 Stone Shaft Mining
26:03 Wheelbarrow
25:13 Loom
25:21 Elite Skirmisher
26:09 Squires
26:36 Crossbowman
28:37 Bow Saw
29:57 Thumb Ring
29:56 Padded Archer Armor
29:48 Fletching
31:17 Hand Cart
31:14 Heavy Plow
35:45 Imperial Age
33:21 Husbandry
33:47 Leather Archer Armor
33:57 Arson
35:20 Greek Fire
36:17 Scale Mail Armor
39:02 Elite Cataphract
39:54 Cavalier
43:52 Logistica
44:08 Paladin
Connection lost

Rejoining the realm…

Still unreachable

The connection could not be restored.

Session expired

The server has moved on; the page needs a fresh start.